 Dungeon Crawl Stone Soup version 0.31-a0-1309-gbf3fed316f (webtiles) character file.

Game seed: 12536858604595173514

3325 Ge0ff the Ruffian (level 9, -4/129 HPs)
             Began as a Troll Monk on Dec 20, 2023.
             Was a Priest of Hepliaklqana.
             Slain by a vault guard
             ... wielding a +0 broad axe
              (21 damage)
             ... in a bailey.
             The game lasted 00:20:37 (5367 turns).

Ge0ff the Ruffian (Troll Monk)                      Turns: 5367, Time: 00:20:37

Health: -4/129     AC: 24    Str: 21    XL:     9   Next: 71%
Magic:  11/11      EV:  1    Int:  8    God:    Hepliaklqana [***...]
Gold:   294        SH:  5    Dex: 14    Spells: 10/12 levels left

rFire   . .          .
                       - Unarmed
rCold   . . .        c - orb {light}
rNeg    . . .        a - melded +0 robe
rPois   +            (helmet currently unavailable)
rElec   .            (cloak currently unavailable)
rCorr   .            (gloves unavailable)
SInv    +            (boots unavailable)
Will    .....        A - amulet of reflection
Stlth   +            w - ring of see invisible
HPRegen 1.21/turn    D - ring of flight
MPRegen 0.12/turn

%: reflection
@: tree-form (expiring), glowing
A: stationary, stasis, torment immunity, boosted hp, reduced essence, large,
unfitting armour, (claws 3), regeneration 1, (shaggy fur 1), (tough skin 1)
a: Renounce Religion, Recall Ancestor, Ancestor Identity, Transference


You were in a bailey.
You worshipped Hepliaklqana.
Hepliaklqana was most pleased with you.
You were a tree.
You visited 2 branches of the dungeon, and saw 9 of its levels.
You also visited: Bailey.

You collected 330 gold pieces.
You spent 36 gold pieces at shops.

Inventory:

Hand Weapons
 b - a +0 short sword of venom
 S - a +1 vampiric short sword
 Z - a +0 spear
Missiles
 r - 62 stones (quivered)
 u - 9 poisoned darts
 C - 11 boomerangs
Armour
 a - a +0 robe (melded)
 c - an orb of light (worn)
 Y - an orb of energy
Magical Staves
 F - a staff of cold
 G - a staff of poison
 L - a staff of conjuration
Jewellery
 w - a ring of see invisible (left branch)
 A - an amulet of reflection (around neck)
 D - a ring of flight (right branch)
 I - an amulet of the acrobat
 J - an amulet of guardian spirit
Talismans
 X - a serpent talisman
Wands
 k - a wand of iceblast (9)
 s - a wand of mindburst (16)
Scrolls
 y - 3 scrolls of immolation
 z - a scroll of enchant armour
 B - 2 scrolls of blinking
 T - 4 scrolls of teleportation
 V - a scroll of amnesia {unknown}
Potions
 o - a potion of ambrosia
 q - 4 potions of curing
 t - a potion of heal wounds {unknown}
 v - 2 potions of enlightenment {unknown}
 H - 3 potions of haste {!q}
 K - a potion of magic {!q}
 M - a potion of mutation {unknown}
 U - a potion of attraction {unknown}
 W - a potion of might {unknown}


   Skills:
 - Level 7.8 Fighting
 + Level 3.3 Dodging
 - Level 2.0 Stealth
 - Level 7.8 Unarmed Combat
 - Level 2.0 Spellcasting
 - Level 3.0 Hexes
 + Level 2.2 Invocations
 + Level 0.0 Evocations


You had 10 spell levels left.
You knew the following spells:

 Your Spells              Type           Power      Damage    Failure   Level
s - Jinxbite              Hex            10%        N/A       16%         2

Your spell library contained the following spells:

 Spells                   Type           Power      Damage    Failure   Level
 Slow                     Hex            20%        N/A       11%         1
 Ensorcelled Hibernation  Hex/Ice        6%         N/A       28%         2
 Confusing Touch          Hex            5%         N/A       30%         3
 Sigil of Binding         Hex            5%         N/A       30%         3
 Lesser Beckoning         Tloc           0%         N/A       47%         2
 Sublimation of Blood     Necr           0%         N/A       47%         2
 Wereblood                Tmut           0%         N/A       47%         2
 Gell's Gravitas          Tloc           0%         N/A       71%         3
 Ozocubu's Armour         Ice            0%         N/A       71%         3
 Teleport Other           Tloc           0%         N/A       71%         3
 Vampiric Draining        Necr           0%         2d6       71%         3
 Anguish                  Hex/Necr       1%         N/A       88%         4
 Malign Gateway           Summ/Tloc      0%         N/A       100%        7
 Ozocubu's Refrigeration  Ice            0%         4d7       100%        7
 Summon Hydra             Summ           0%         N/A       100%        7
 Summon Horrible Things   Summ           0%         N/A       100%        8


Dungeon Overview and Level Annotations

Branches:
Dungeon (8/15) Zot: 26957  Temple (1/1) D:5 Zot: 5982  Bailey (1/1) Zot: 5669
   Lair: D:8-11

Altars:
Ashenzari
Cheibriados
Dithmenos
Elyvilon
Fedhas
Gozag
Hepliaklqana
Kikubaaqudgha
Makhleb
Nemelex Xobeh
Okawaru
Qazlal
Ru
Sif Muna
Trog
Vehumet
Wu Jian
Xom
Yredelemnul
The Shining One

Shops:
D:1 :((:   D:4 =   D:5 *

Annotations:
D:2 dig
D:7 1 runed translucent door, Colgate's ghost, novice KoBr


Innate Abilities, Weirdness & Mutations

You are a tree.
Your roots penetrate the ground, keeping you stationary.
You cannot be teleported.
You are immune to unholy pain and torment.
Your maximum health is greatly increased.
Your equipment is partially melded.
Your life essence is reduced to manifest your ancestor. (-10% HP)
You are too large for most types of armour.
((You have claws for hands.))
Your natural rate of healing is unusually fast.
((You are covered in fur. (AC +1)))
((You have tough skin. (AC +1)))


Message History

g - Guard the area. f - Follow me.
Anything else - Cancel.
You creak for attention!
You start resting.
A vault guard is nearby!
You hit the vault guard.
The vault guard is lightly wounded.
The vault guard hits you but does no damage.
You completely miss the vault guard.
The vault guard is lightly wounded.
The vault guard hits you with a +0 broad axe!
You smack the vault guard!
The vault guard is moderately wounded.
The vault guard hits you with a +0 broad axe.
You hit the vault guard but do no damage.
The vault guard is moderately wounded.
The vault guard hits you with a +0 broad axe.
You smack the vault guard!
The vault guard is moderately wounded.
The vault guard hits you but does no damage.
You hit the vault guard.
The vault guard is heavily wounded.
Your transformation is almost over.
You barely miss the vault guard.
The vault guard is heavily wounded.
The vault guard hits you but does no damage.
You smack the vault guard!
The vault guard is heavily wounded.
The vault guard hits you with a +0 broad axe!
You hit the vault guard.
The vault guard is heavily wounded.
The vault guard hits you but does no damage.
You barely miss the vault guard.
The vault guard is heavily wounded.
The vault guard hits you with a +0 broad axe!
* * * LOW HITPOINT WARNING * * *
You hit the vault guard.
The vault guard is severely wounded.
The vault guard hits you with a +0 broad axe!
* * * LOW HITPOINT WARNING * * *
You completely miss the vault guard.
The vault guard is severely wounded.
The vault guard hits you but does no damage.
You hit the vault guard but do no damage.
The vault guard is heavily wounded.
The vault guard hits you with a +0 broad axe!
* * * LOW HITPOINT WARNING * * *
You feel better.
The vault guard hits you with a +0 broad axe!!
You die...

###############
###############
###############
###############
#####...##~~~##
####....#)~~~~#
###.....p~~~~~#####
##....)♣#~~~~##...##
#######....##~~÷'..∩..#
###≈≈≈≈≈###..######.....#
##≈≈~~~~~≈≈##'#...)'[.∩..#
##≈~~~~~~~~~≈#.....)##...##
#≈~~~~~~~~~≈##.......#####
####~.~...~.~≈#######...#
...##........~≈≈≈#..##..#
....#...F........#..#.††#


You could see a vault guard.

Vanquished Creatures
  Prince Ribbit (Bailey)
  A wyvern (D:7)
  4 humans (Bailey)
  A water moccasin (D:7)
  A black bear (D:4)
  An ogre (D:4)
  A centaur (D:5)
  A kobold brigand (D:7)
  6 bullfrogs
  A scorpion (D:5)
  A killer bee (D:5)
  A howler monkey (D:4)
  A jelly (D:5)
  A hound (D:6)
  2 sleepcaps
  An iguana (D:4)
  3 orc wizards
  A gnoll (Bailey)
  7 adders
  A shadow imp (D:5)
  2 white imps
  3 ufetubi
  3 worms
  2 dart slugs
  11 orcs
  5 bats
  3 endoplasms
  4 giant cockroaches
  6 goblins
  10 hobgoblins
  6 kobolds
  3 quokkas
  6 ball pythons
  7 rats
108 creatures vanquished.

Vanquished Creatures (collateral kills)
  2 humans (Bailey)
  An ice beast (D:5)
  An ogre (D:6)
  4 bullfrogs (Bailey)
  A scorpion (D:5)
  2 killer bees (D:5)
  A hound (D:6)
  A jelly (D:6)
  An iguana (D:6)
  3 orc wizards
  2 adders (D:5)
  A white imp (D:7)
  An ufetubus (D:6)
  4 orcs
  4 goblins (D:8)
  A hobgoblin (Bailey)
  5 kobolds (D:7)
35 creatures vanquished.

Vanquished Creatures (others)
  2 battlemagi (Bailey)
2 creatures vanquished.

Grand Total: 145 creatures vanquished

Notes
Turn   | Place    | Note
-------+----------+-------------------------------------------
     0 | D:1      | Ge0ff the Troll Monk began the quest for the Orb.
     0 | D:1      | Reached XP level 1. HP: 22/22 MP: 0/0
   207 | D:1      | Found a faded altar of an unknown god.
   294 | D:1      | Found Iroala's Weapon Shop.
   353 | D:1      | Reached XP level 2. HP: 29/29 MP: 1/1
   412 | D:1      | Found Jehuz's Weapon Boutique.
   598 | D:1      | Found Kiasoat's Book Boutique.
   682 | D:1      | Found Leagae's Book Shop.
  1100 | D:2      | Reached skill level 1 in Stealth
  1137 | D:2      | Reached XP level 3. HP: 36/36 MP: 2/2
  1455 | D:2      | Reached XP level 4. HP: 44/44 MP: 3/3
  2134 | D:3      | Found an ornate altar of the Wu Jian Council.
  2443 | D:4      | Reached XP level 5. HP: 43/50 MP: 4/4
  2449 | D:4      | Noticed a black bear
  2455 | D:4      | Killed a black bear
  2456 | D:4      | Reached skill level 5 in Unarmed Combat
  2514 | D:4      | Reached XP level 6. HP: 57/59 MP: 5/5
  2811 | D:4      | Found Kuvoufell's Jewellery Shoppe.
  2976 | D:4      | Found a burning altar of Makhleb.
  3007 | D:5      | Entered Level 5 of the Dungeon
  3007 | D:5      | Found a shadowy altar of Dithmenos.
  3018 | D:5      | Learned a level 2 spell: Jinxbite
  3045 | D:5      | Found a staircase to the Ecumenical Temple.
  3081 | Temple   | Entered the Ecumenical Temple
  3088 | Temple   | Became a worshipper of Hepliaklqana the Forgotten
  3088 | Temple   | Reached * piety under Hepliaklqana
  3088 | Temple   | Reached ** piety under Hepliaklqana
  3089 | Temple   | Remembered your ancestor Mega Troll 5000 as a battlemage
  3135 | D:5      | Reached XP level 7. HP: 52/59 MP: 5/7
  3208 | D:5      | Reached skill level 1 in Hexes
  3243 | D:5      | Reached skill level 1 in Spellcasting
  3573 | D:5      | Found Qonuomp's General Store.
  3581 | D:5      | Bought a potion of curing for 36 gold pieces
  3787 | D:6      | Reached XP level 8. HP: 67/67 MP: 8/10
  4315 | D:6      | Found a broken altar of Ashenzari.
  4316 | D:6      | Found a glowing golden altar of the Shining One.
  4324 | D:6      | Found a sparkling altar of Nemelex Xobeh.
  4324 | D:6      | Found a white marble altar of Elyvilon.
  4482 | D:7      | Reached skill level 5 in Fighting
  4607 | D:7      | Found a runed translucent door.
  4623 | D:7      | Noticed Colgate's ghost (novice KoBr)
  4840 | D:7      | Found a bloodstained altar of Trog.
  5010 | D:8      | Found a flagged portal.
  5012 | D:8      | Reached *** piety under Hepliaklqana
  5028 | Bailey   | Entered a bailey
  5046 | Bailey   | Reached XP level 9. HP: 68/80 MP: 11/11
  5199 | Bailey   | Reached skill level 1 in Invocations
  5231 | Bailey   | Noticed a vault guard
  5231 | Bailey   | Noticed Prince Ribbit
  5311 | Bailey   | Killed Prince Ribbit
  5367 | Bailey   | Slain by a vault guard

Illustrated notes

Levels and vault maps discovered:
D:1:      lemuel_arrival_river_bridge, layout_basic, serial_forest,
          infiniplex_forest_clump_double, infiniplex_forest_pool,
          infiniplex_forest_end_3, infiniplex_forest_lined_3,
          infiniplex_forest_clump_small, infiniplex_forest_lined_2,
          infiniplex_forest_lined_room_, serial_shops,
          nicolae_book_shop_shelving, shop, nicolae_square_shop,
          nicolae_shop_peninsula, ebering_ecumenical_altar_hall
D:2:      layout_loops_ring, due_unseen_surprise
D:3:      layout_rooms, nicolae_wu_jian_wuxing_cycle
D:4:      layout_cave_pools, lightli_temple_of_fire, serial_shops, shop
D:5:      layout_loops_ring, mainiacjoe_overflow_tiny_flanked,
          minmay_temple_entry_glass, serial_shops, shop,
          chequers_decorated_corner
D:6:      layout_layer_cave, grunt_temple_overflow_open, nrook_loot_triangle
D:7:      layout_cave_pools, trog_three_pillars_becter,
          ebering_ghost_reflecting_pool
D:8:      layout_loops_cross, enter_bailey_5, hangedman_decor_clover_reticule,
          hangedman_abyss_or_decor_lesser_grid,
          nicolae_shop_sticking_my_neck_out
Temple:   nicolae_temple_no_exploring_needed
Bailey:   bailey_axe_froggy_fort_hellmonk, bailey

Skill      XL: |  1  2  3  4  5  6  7  8  9 |
---------------+----------------------------+-----
Stealth        | 1 2 |  2.0
Unarmed Combat | 4 5 6 7 |  7.8
Hexes          | 2 3 |  3.0
Spellcasting   | 2 |  2.0
Fighting       | 3 6 7 |  7.8
Invocations    | 2 |  2.2
Dodging        | 3 |  3.3

Action                     |  1- 3 |  4- 6 |  7- 9 || total
---------------------------+-------+-------+-------++-------
  Melee: Unarmed           |    65 |    84 |   118 ||   267
  Throw: Stone             |       |       |     7 ||     7
   Cast: Jinxbite          |       |       |     1 ||     1
 Invoke: Ancestor Life: Ba |       |     1 |       ||     1
         Ancestor Identity |       |     1 |       ||     1
         Recall Ancestor   |       |       |     2 ||     2
    Use: Scroll            |       |       |    10 ||    10
         Potion            |       |       |     2 ||     2
   Stab: Distracted        |       |       |     2 ||     2
 Armour: Robe              |    26 |    48 |    77 ||   151
         Skin              |       |       |    13 ||    13
  Dodge: Dodged            |    19 |    42 |    44 ||   105

Table legend: (Time is in decaauts)
 A = Elapsed time spent in this place.
 B = Non-inter-level travel time spent in this place.
 C = Inter-level travel time spent in this place.
 D = Time resting spent in this place.
 E = Time spent auto-exploring this place.
 F = Levels seen in this place.
 G = Mean time per level.
                   A        B        C        D        E       F      G
               +--------+--------+--------+--------+--------+-----+--------+
         Total |   5336 |   5022 |    314 |    203 |   3702 |  10 |  533.6 |
       Dungeon |   4988 |   4674 |    314 |    120 |   3655 |   8 |  623.5 |
        Temple |     17 |     17 |      0 |      0 |      0 |   1 |   17.0 |
        Bailey |    329 |    329 |      0 |     83 |     47 |   1 |  329.0 |
               +--------+--------+--------+--------+--------+-----+--------+

Top non-repeatable levels by time:
     D:1: 1072 daAuts
     D:2: 742 daAuts
     D:5: 736 daAuts
     D:6: 693 daAuts
     D:3: 597 daAuts
     D:4: 596 daAuts
     D:7: 506 daAuts
  Bailey: 329 daAuts
     D:8: 43 daAuts
  Temple: 17 daAuts
